Map: [ESL] Cosmic Sapphire

Players

ByuN - Winner!

  • Race: Terran Terran
  • Spawn Location: 11:00

uThermal

  • Race: Terran Terran
  • Spawn Location: 5:00

Event: DreamHack SC2 Masters 2022 Valencia

VOD

Have the link to the VOD?

Description

Time

  • Played on: July 1, 2022, 1:13 p.m.
  • Length: 18:19

All games in this series

Show
View Real Time Build Order
Export as new Build Order

ByuN Terran - Winner!

Build Orders: Cyclone Opening 

Get SALT Encoding   

  12  0:00  SCV  
  13  0:12  SCV  
  14  0:17  Supply Depot  
  14  0:24  SCV  
  15  0:38  SCV  
  15  0:39  Barracks  
  16  0:42  Refinery  
  16  0:50  SCV  
  16  0:52  Refinery  
  17  1:02  SCV  
  18  1:15  SCV  
  19  1:26  Reaper  
  19  1:27  Orbital Command  
  19  1:32  Supply Depot  
  20  1:40  Factory  
  20  1:52  SCV  
  21  1:58  Reaper  
  22  2:04  SCV  
  23  2:16  SCV  
  23  2:21  Command Center  
  24  2:25  Hellion  
  24  2:28  SCV  
  27  2:30  Barracks Tech Lab  
  27  2:35  Supply Depot  
  27  2:41  SCV  
  28  2:48  Starport  
  28  2:58  Cyclone  
  31  2:59  SCV  
  31  3:03  Barracks Tech Lab  
  32  3:11  SCV  
  33  3:20  Refinery  
  33  3:23  SCV  
  34  3:29  Banshee  
  34  3:32  Cyclone  
  40  3:34  Orbital Command  
  40  3:38  SCV  
  40  3:40  Barracks Reactor  
  41  3:50  SCV  
  41  3:54  Supply Depot  
  42  4:01  SCV  
  42  4:02  SCV  
  44  4:04  Siege Tank  
  47  4:14  SCV  
  47  4:16  SCV  
  49  4:20  Raven  
  49  4:21  Marine x2  
  53  4:24  Supply Depot  
  53  4:26  SCV  
  53  4:28  SCV  
  55  4:38  SCV, Siege Tank  
  59  4:39  Marine x2  
  59  4:40  SCV  
  62  4:48  Supply Depot  
  62  4:50  SCV  
  62  4:52  SCV  
  64  4:56  Marine  
  64  4:57  Marine, Command Center  
  66  5:02  SCV  
  66  5:03  Raven  
  66  5:04  SCV  
  70  5:08  Refinery  
  70  5:14  SCV, Marine x2  
  70  5:16  SCV  
  70  5:20  Siege Tank  
  70  5:21  Supply Depot  
  74  5:28  SCV x2  
  76  5:40  SCV  
  76  5:41  SCV  
  78  5:45  Barracks  
  78  5:46  Barracks  
  78  5:47  Supply Depot  
  78  5:50  Marine, Stimpack  
  78  5:52  Siege Tank  
  78  5:54  Viking  
  84  5:57  Viking  
  84  6:02  Supply Depot  
  86  6:08  Engineering Bay x2  
  86  6:10  SCV x2  
  88  6:16  Marine  
  89  6:22  SCV x2  
  91  6:25  Supply Depot  
  91  6:27  Siege Tank  
  93  6:34  Viking x2, SCV x2  
  99  6:43  Terran Infantry Armor Level 1  
  96  6:50  SCV x2, Barracks Reactor  
  96  6:52  Barracks Reactor  
  96  6:54  Barracks, Marine  
  98  6:56  Barracks  
  98  7:01  Siege Tank  
  102  7:04  Supply Depot  
  102  7:06  SCV  
  102  7:07  SCV  
  103  7:13  Marine  
  104  7:15  Viking x2  
  104  7:19  SCV x2  
  110  7:22  Terran Infantry Weapons Level 1  
  110  7:30  Combat Shield  
  110  7:31  SCV x2  
  110  7:34  Marine x3  
  110  7:35  Marine x2  
  110  7:36  Siege Tank  
  120  7:43  SCV x2  
  122  7:47  Orbital Command  
  122  7:48  Refinery  
  122  7:49  Refinery  
  122  7:50  Sensor Tower  
  122  7:55  SCV x2  
  122  7:56  Marine x2  
  122  7:57  Marine x2  
  122  7:58  Barracks Reactor x2  
  124  8:03  Viking  
  126  8:07  SCV x2  
  126  8:11  Supply Depot  
  128  8:19  SCV x2  
  130  8:20  Barracks Tech Lab x2, Marine x3  
  130  8:24  Supply Depot  
  133  8:33  Viking, SCV x3, Marine x2  
  140  8:35  Armory  
  140  8:36  Command Center  
  140  8:39  Siege Tank  
  140  8:41  Marine x3  
  145  8:52  Viking  
  145  8:54  Marine  
  151  8:56  Marauder x2  
  151  8:57  Marauder  
  154  9:03  Viking  
  140  9:12  Siege Tank  
  140  9:13  SCV  
  140  9:14  SCV  
  140  9:16  Marine  
  140  9:17  Marine x3  
  128  9:18  Marauder x2  
  128  9:19  Marauder  
  80  9:24  Terran Infantry Weapons Level 2, Medivac  
  134  9:30  SCV x2  
  138  9:34  Marine x2  
  138  9:38  SCV  
  131  9:39  Marine x2  
  131  9:40  Marauder x3  
  131  9:42  SCV x2  
  127  9:49  Planetary Fortress  
  127  9:50  SCV  
  127  9:52  Marine x2  
  129  9:53  Concussive Shells  
  129  9:54  SCV  
  129  9:57  Siege Tank, Marine  
  135  10:01  Marauder x2  
  135  10:02  Marauder  
  141  10:09  Barracks x2  
  141  10:11  Barracks  
  141  10:19  Medivac  
  141  10:20  Medivac  
  145  10:24  Marine, Command Center  
  145  10:25  Marine x3  
  145  10:26  Marauder  
  145  10:28  Marauder  
  153  10:30  Terran Infantry Armor Level 2  
  153  10:38  Siege Tank  
  153  10:41  Supply Depot  
  153  10:42  Supply Depot x2  
  156  10:48  SCV  
  156  10:49  Refinery x2, SCV x2, Medivac  
  161  10:50  Medivac, Terran Vehicle Weapons Level 1  
  161  10:55  Factory  
  163  11:00  Marine x2, Marauder x3  
  163  11:02  Marine x2  
  173  11:05  Barracks Tech Lab, Barracks Reactor  
  173  11:06  Barracks Tech Lab  
  172  11:21  Marauder  
  172  11:22  Marauder x2  
  172  11:25  Marauder x2  
  180  11:28  SCV x3  
  177  11:33  Marine  
  177  11:34  Marine x3  
  181  11:43  Marauder x3  
  181  11:46  Marauder  
  181  11:47  Marauder  
  179  12:00  Marine x2  
  176  12:04  Marauder x3  
  176  12:08  Marauder x2  
  186  12:13  Marine x2  
  186  12:14  Siege Tank, Medivac  
  186  12:15  Medivac  
  183  12:21  Marine x2  
  178  12:26  Marauder x3  
  178  12:29  Marauder x2  
  165  12:35  Marine x2  
  165  12:36  Planetary Fortress  
  164  12:39  Factory Tech Lab  
  164  12:40  Marine x2  
  164  12:42  Marine x2  
  168  12:44  Medivac  
  168  12:45  Medivac  
  168  12:47  Marauder x3  
  168  12:48  Missile Turret  
  168  12:49  SCV x2  
  168  12:51  Marauder x2  
  180  12:56  Terran Infantry Weapons Level 3, Terran Infantry Armor Level 3  
  173  13:02  Marine  
  173  13:03  Marine x2  
  173  13:04  Marine  
  173  13:05  Marine  
  173  13:08  Marauder  
  173  13:09  Marauder x2  
  180  13:14  Medivac  
  180  13:15  Medivac  
  182  13:21  Marauder x2  
  182  13:23  Marine x2  
  182  13:24  Marine x2  
  182  13:25  Marine x2  
  167  13:29  Marine  
  167  13:30  Marauder x2  
  164  13:40  Siege Tank x2  
  164  13:41  Marine x2  
  171  13:42  Marine  
  171  13:43  SCV x3  
  171  13:44  Medivac, Starport x2  
  171  13:47  Medivac  
  180  13:52  Marine x3  
  180  13:53  Marauder  
  180  13:54  Marauder x3  
  191  14:04  Marauder  
  191  14:09  Marine x4  
  181  14:10  Marine  
  181  14:12  Marine  
  181  14:14  Medivac  
  181  14:15  Marauder x4  
  189  14:17  Medivac  
  189  14:22  Starport Reactor x2  
  187  14:25  Marauder  
  187  14:26  SCV x2  
  187  14:27  Marine x2  
  187  14:29  Marine x2  
  191  14:32  Marine  
  191  14:33  Marine  
  191  14:36  Marine, Marauder x2  
  193  14:38  SCV x2  
  193  14:39  SCV  
  195  14:46  Marauder  
  195  14:47  Marauder  
  195  14:49  Marine x2  
  199  14:56  SCV  
  186  15:11  Marauder x3  
  186  15:12  Marine x2  
  186  15:13  Marine x2  
  160  15:17  Marine x4  
  160  15:19  Viking  
  138  15:29  Marine  
  138  15:30  Marine  
  138  15:31  Marine x2  
  138  15:32  Marine, Marauder x2  
  138  15:33  Medivac  
  138  15:34  Marine x2  
  146  15:35  Marauder  
  146  15:36  SCV, Marauder  
  148  15:47  Marine x2  
  148  15:48  Marine  
  140  15:50  Marauder  
  140  15:53  Marine  
  140  15:54  Marauder x2  
  140  15:55  Marine x2  
  137  15:57  Marauder x2  
  137  16:05  Marine x2  
  137  16:06  Marine  
  127  16:11  Marine  
  127  16:12  Marauder  
  127  16:13  Marine x2  
  127  16:15  Siege Tank, Marauder x2  
  143  16:18  Marauder x2  
  143  16:19  Medivac  
  143  16:20  Medivac  
  143  16:24  SCV  
  143  16:25  SCV  
  149  16:27  Marine  
  149  16:28  Marine x2  
  149  16:31  Marine  
  149  16:32  Marine x2  
  154  16:33  Marauder  
  154  16:35  Missile Turret  
  154  16:36  SCV, Marauder  
  154  16:37  SCV, Marauder  
  163  16:41  Marauder x2  
  163  16:46  Marine  
  162  16:54  Orbital Command  
  162  16:55  Marauder  
  162  16:58  Marauder x2  
  167  17:02  Siege Tank, Marauder x2  
  167  17:04  Siege Tank  
  167  17:06  SCV x2  
  175  17:16  Marauder  
  175  17:18  SCV  
  175  17:19  SCV, Marauder x2  
  187  17:30  SCV  
  187  17:31  SCV  
  187  17:34  Siege Tank  
  187  17:36  Viking x3  
  187  17:37  Viking  
  200  17:41  Viking x2  
  200  17:57  Marauder x2  
  200  17:58  Marauder  
Show
View Real Time Build Order
Export as new Build Order

uThermal Terran 

Build Orders:  

Get SALT Encoding   

  12  0:00  SCV  
  13  0:12  SCV  
  14  0:16  Supply Depot  
  14  0:24  SCV  
  15  0:38  Barracks, SCV  
  16  0:42  Refinery  
  16  0:50  SCV  
  16  0:52  Refinery  
  17  1:02  SCV  
  18  1:14  SCV  
  19  1:26  Orbital Command, Reaper  
  19  1:30  Supply Depot  
  20  1:42  Factory  
  20  1:52  SCV  
  21  1:58  Barracks Reactor  
  21  2:04  SCV  
  22  2:16  SCV  
  23  2:24  Command Center  
  25  2:30  Hellion  
  25  2:32  SCV  
  25  2:36  Reaper  
  27  2:37  Reaper  
  27  2:42  Supply Depot  
  28  2:45  SCV  
  31  2:51  Hellion  
  31  3:03  Starport  
  31  3:04  SCV  
  32  3:08  Reaper  
  32  3:09  Reaper  
  36  3:12  Hellion  
  36  3:16  SCV  
  37  3:25  Refinery  
  37  3:28  SCV  
  38  3:35  Factory Tech Lab  
  38  3:36  Orbital Command  
  38  3:40  SCV, Marine, Starport Tech Lab  
  40  3:43  Marine  
  41  3:52  SCV  
  42  3:55  Cyclone  
  42  3:59  Raven  
  47  4:03  SCV  
  47  4:04  SCV  
  47  4:05  Marine  
  47  4:08  Marine  
  51  4:12  Supply Depot  
  51  4:15  SCV  
  51  4:16  SCV  
  53  4:21  Supply Depot  
  53  4:24  Marine  
  54  4:34  Supply Depot, SCV x2, Siege Tank, Marine  
  60  4:42  Raven, Marine  
  63  4:46  SCV x2  
  63  4:51  Marine  
  66  4:58  SCV x2  
  68  5:08  Siege Tank, Command Center  
  68  5:11  SCV  
  68  5:12  Marine  
  69  5:18  SCV  
  69  5:23  SCV  
  69  5:28  Refinery  
  70  5:29  Supply Depot  
  70  5:30  SCV  
  70  5:35  SCV  
  72  5:40  Viking x2  
  72  5:42  SCV  
  77  5:46  Supply Depot  
  77  5:49  SCV  
  78  5:50  Siege Tank  
  78  5:52  Marine  
  78  5:54  SCV  
  83  6:01  SCV  
  84  6:05  Armory  
  84  6:06  Armory  
  84  6:10  Viking  
  86  6:15  Viking  
  86  6:16  SCV  
  86  6:17  SCV  
  90  6:21  Supply Depot  
  90  6:25  Siege Tank  
  93  6:28  SCV, Marine  
  93  6:29  SCV  
  96  6:45  Viking  
  96  6:46  Viking, SCV  
  98  6:50  Orbital Command  
  98  6:51  SCV  
  98  6:53  Refinery  
  99  6:55  Refinery  
  99  6:59  Siege Tank  
  99  7:00  SCV  
  103  7:03  SCV  
  104  7:10  Terran Vehicle And Ship Armor Level 1, Terran Vehicle Weapons Level 1  
  104  7:12  SCV  
  104  7:15  SCV x2  
  107  7:18  Viking  
  109  7:23  Viking  
  109  7:24  SCV  
  109  7:27  SCV  
  113  7:30  Supply Depot  
  113  7:31  Supply Depot  
  113  7:33  Siege Tank  
  113  7:35  SCV  
  117  7:44  Engineering Bay  
  117  7:52  SCV x3  
  117  7:53  Supply Depot x2  
  117  7:56  Viking x2  
  124  8:04  SCV  
  124  8:05  SCV x2, Siege Tank  
  128  8:15  Factory  
  128  8:16  Factory, SCV, Sensor Tower  
  128  8:17  SCV  
  128  8:18  Barracks Reactor  
  130  8:22  SCV  
  130  8:24  Missile Turret x2  
  131  8:27  Viking  
  131  8:28  SCV  
  131  8:29  Viking  
  136  8:38  Siege Tank  
  136  8:39  SCV  
  140  8:44  SCV  
  140  8:45  Supply Depot  
  140  8:47  SCV  
  141  8:51  SCV  
  139  8:56  SCV  
  139  8:57  Viking  
  139  8:59  Viking  
  144  9:09  Missile Turret x2  
  127  9:10  Siege Tank  
  127  9:12  SCV, Siege Tank  
  113  9:17  SCV  
  113  9:22  Hellion x2  
  113  9:23  Terran Vehicle Weapons Level 2  
  113  9:24  Terran Vehicle And Ship Armor Level 2  
  116  9:25  SCV, Command Center  
  116  9:27  Viking  
  116  9:29  Viking  
  121  9:33  SCV  
  116  9:42  Siege Tank  
  113  9:47  SCV  
  113  9:48  Siege Tank, Infernal Pre-Igniter  
  113  9:49  Hellion x2, Command Center  
  121  10:03  SCV x2  
  121  10:05  SCV  
  124  10:10  Sensor Tower  
  124  10:11  Viking x2  
  124  10:12  Hellion, Missile Turret  
  130  10:14  Siege Tank  
  130  10:17  SCV  
  130  10:20  Siege Tank  
  137  10:31  Factory  
  137  10:33  Factory  
  137  10:35  Hellion  
  139  10:41  Refinery  
  139  10:42  Hellion, Refinery  
  141  10:44  Viking  
  141  10:46  Siege Tank  
  141  10:47  Viking  
  148  10:52  Siege Tank  
  148  10:56  Missile Turret  
  151  10:59  Missile Turret  
  151  11:04  Missile Turret  
  151  11:05  Missile Turret  
  151  11:08  Hellion x2  
  155  11:14  Viking  
  155  11:17  Viking  
  159  11:21  Siege Tank  
  164  11:29  Factory Reactor  
  164  11:30  Factory Tech Lab  
  164  11:31  Planetary Fortress  
  152  11:34  Hellion x2  
  152  11:39  Missile Turret x2  
  156  11:41  Missile Turret  
  156  11:44  Viking  
  155  11:47  Liberator  
  152  11:55  Hellion, Siege Tank  
  152  11:56  Siege Tank  
  152  11:57  Hellion  
  162  12:03  Hellion  
  164  12:14  Liberator  
  151  12:18  Hellion x2  
  151  12:19  Hellion  
  151  12:21  Hellion  
  143  12:25  Siege Tank  
  143  12:27  Siege Tank  
  143  12:29  Hellion  
  123  12:30  Viking  
  123  12:34  Orbital Command  
  123  12:40  Hellion  
  125  12:45  Hellion x2  
  125  12:50  Siege Tank  
  132  12:55  Hellion  
  132  12:56  Viking  
  132  12:57  Siege Tank  
  129  12:59  Siege Tank  
  132  13:07  Liberator  
  132  13:10  Refinery  
  132  13:12  Sensor Tower  
  135  13:14  Hellion x2  
  139  13:22  Hellion, Siege Tank  
  139  13:24  Hellion  
  139  13:26  Viking  
  134  13:29  Siege Tank  
  134  13:31  Siege Tank  
  136  13:35  Hellion x2  
  136  13:37  Missile Turret  
  136  13:38  Command Center  
  136  13:39  Missile Turret  
  140  13:44  Hellion  
  140  13:48  Terran Vehicle Weapons Level 3, Missile Turret  
  142  13:49  Missile Turret  
  142  13:55  Terran Vehicle And Ship Armor Level 3  
  142  13:59  Hellion  
  142  14:01  Hellion  
  146  14:05  Hellion x2  
  148  14:11  Missile Turret  
  148  14:13  Siege Tank  
  148  14:14  Hellion  
  155  14:17  Hellion  
  153  14:25  Hellion  
  153  14:30  Viking x2  
  155  14:32  Hellion  
  155  14:35  Siege Tank  
  155  14:38  Smart Servos  
  149  14:44  Hellion, Siege Tank  
  151  14:48  Hellion  
  151  14:50  Hellion  
  155  14:54  Siege Tank  
  155  14:55  Hellion  
  157  15:00  Viking  
  157  15:03  Viking  
  157  15:06  Hellion  
  163  15:07  Siege Tank  
  163  15:09  Hellion  
  163  15:12  Hellion  
  144  15:16  Hellion x2  
  125  15:27  Hellion x2  
  110  15:29  Orbital Command  
  110  15:30  Liberator  
  110  15:31  Hellion  
  110  15:33  Hellion, Liberator  
  104  15:37  Hellion, Siege Tank  
  104  15:39  Hellion  
  111  15:48  Hellion  
  111  15:49  Hellion  
  98  15:52  Hellion  
  98  15:55  Hellion  
  99  15:57  Planetary Fortress  
  99  15:59  Hellion  
  101  16:05  Hellion  
  95  16:13  Liberator  
  95  16:15  Hellion x2, Siege Tank  
  95  16:17  Viking  
  107  16:22  Hellion  
  109  16:27  Hellion x2  
  109  16:32  Siege Tank  
  116  16:42  Hellion  
  116  16:43  Hellion  
  116  16:45  Hellion  
  122  16:47  Siege Tank  
  122  16:50  Siege Tank  
  125  16:55  Viking  
  125  17:03  Hellion  
  125  17:04  Siege Tank  
  125  17:06  Hellion  
  124  17:10  Viking  
  124  17:14  Hellion  
  125  17:20  Hellion  
  125  17:21  Hellion  
  129  17:25  Siege Tank  
  130  17:32  Hellion  
  130  17:36  Hellion, Siege Tank  
  141  17:52  Hellion  
  141  17:56  Hellion  

Tags
 
Add a new tag
Caveats
  • Supply blocks, unpowered buildings, or Contaminate may cause inaccurate times.
  • Supply counts are checked every 10 seconds.